 Dungeon Crawl Stone Soup version 0.31.0-9-g3a7656b989 (webtiles) character file.

Game seed: 12645984909166774516

219 qw the Shooter (level 5, -15/26 HPs)
             Began as a Spriggan Hunter on Feb 2, 2024.
             Demolished by a mummy (18 damage)
             ... in an ossuary.
             The game lasted 00:00:10 (2627 turns).

qw the Shooter (Spriggan Hunter)                    Turns: 2627, Time: 00:00:11

Health: -15/26     AC:  2    Str:  7    XL:     5   Next: 63%
Magic:  0/6        EV: 20    Int: 10    God:
Gold:   248        SH:  0    Dex: 21    Spells: 4/4 levels left

rFire   . . .        a - +0 shortbow
rCold   . . .        (shield currently unavailable)
rNeg    . . .        c - +0 robe
rPois   .            (helmet restricted)
rElec   .            (no cloak)
rCorr   .            (gloves unavailable)
SInv    +            (boots unavailable)
Will    .....        i - amulet of guardian spirit
Stlth   ++           (no ring)
HPRegen 0.24/turn    (no ring)
MPRegen 0.10/turn

%: guardian spirit
@: about to teleport, very quick
A: very small, no large weapons, unfitting armour, see invisible, speed 3
a: no special abilities


You were in an ossuary.
You visited 1 branch of the dungeon, and saw 4 of its levels.
You also visited: Ossuary.

You collected 248 gold pieces.


Innate Abilities, Weirdness & Mutations

You are very small and have problems with some larger weapons.
You are too small for most types of armour.
You have supernaturally acute eyesight. (SInv)
You cover ground extremely quickly. (Speed+++)


   Skills:
 - Level 2.2 Fighting
 + Level 5.8 Ranged Weapons
 - Level 5.0 Dodging
 - Level 1.5 Stealth


You had 4 spell levels left.
You didn't know any spells.
Your spell library was empty.

Inventory:

Hand Weapons
 a - a +0 shortbow (weapon)
Armour
 c - a +0 robe (worn)
Jewellery
 i - an amulet of guardian spirit (around neck)
Wands
 e - a wand of roots (5)
Scrolls
 d - 2 scrolls of identify
Potions
 b - a potion of enlightenment {unknown}
 f - a potion of lignification {unknown}
 g - 3 potions of curing
 h - a potion of magic {unknown}
 j - a potion of berserk rage {unknown}

Dungeon Overview and Level Annotations

Branches:
Dungeon (4/15)            Ossuary (1/1)
 Temple: D:4-7

Altars:
Qazlal


Message History

You shoot an arrow.
The arrow hits the mummy but does no damage.
The mummy is lightly damaged.
You shoot an arrow. The arrow hits the mummy!
The mummy is heavily damaged.
You shoot an arrow. The arrow hits the mummy.
The mummy is almost destroyed.
You shoot an arrow. The arrow hits the mummy!
You destroy the mummy! 3 mummies come into view.
There is an open door here.
You shoot an arrow. The arrow hits the mummy.
The mummy is lightly damaged.
You shoot an arrow.
The arrow hits the mummy but does no damage.
The mummy is lightly damaged.
You shoot an arrow. The arrow hits the mummy.
The mummy is lightly damaged.
You shoot an arrow. The arrow barely misses the mummy.
You shoot an arrow. The arrow barely misses the mummy.
You shoot an arrow.
The arrow hits the mummy but does no damage.
You shoot an arrow. The arrow hits the mummy.
The mummy is moderately damaged.
You shoot an arrow. The arrow hits the mummy.
The mummy is heavily damaged.
You shoot an arrow. The arrow barely misses the mummy.
The mummy hits you!
Ouch! That really hurt!
You shoot an arrow. The arrow closely misses the mummy.
The mummy hits you!
2626 ||| READING scroll of teleportation.
As you read the scroll of teleportation, it crumbles to dust.
You feel strangely unstable. The mummy completely misses you.
You shoot an arrow. The arrow hits the mummy!
The mummy is heavily damaged.
The mummy hits you!!
Ouch! That really hurt!
You die...

......## #
......## ..
......#
...##.....#
..........
............M.
..........MM#
........##@#
......##..##
#....##....##
#....#......##
#.M..#.......#
#.Z..#.......#
#....#.......#
#....#......##
#....##.....#


You could see 3 mummies.

Vanquished Creatures
  An orc priest (D:3)
  A hound (D:4)
  Jessica (D:2)
  2 mummies (Ossuary)
  An adder (D:3)
  3 dart slugs
  A ribbon worm (D:3)
  17 orcs
  5 ball pythons
  6 bats
  7 endoplasms
  A giant cockroach (D:2)
  3 hobgoblins
  2 frilled lizards
  A gnoll zombie (Ossuary)
  5 goblins
  2 hobgoblin zombies (Ossuary)
  7 kobolds
  2 kobold zombies (Ossuary)
  2 orc zombies (Ossuary)
  6 rats
76 creatures vanquished.

Notes
Turn   | Place    | Note
-------+----------+-------------------------------------------
     0 | D:1      | qw the Spriggan Hunter began the quest for the Orb.
     0 | D:1      | Reached XP level 1. HP: 10/10 MP: 2/2
     0 | D:1      | 0 ||| qw: Version: 0.3-a-155-g5e7d8dd
     0 | D:1      | 0 ||| qw: Game counter: 2196
     0 | D:1      | 0 ||| qw: Melee chars always use a shield: true
     0 | D:1      | 0 ||| qw: God list: Okawaru
     0 | D:1      | 0 ||| qw: Allow faded altars: false
     0 | D:1      | 0 ||| qw: Do Orc after clearing Dungeon:15 true
     0 | D:1      | 0 ||| qw: Do second Lair branch before Depths: true
     0 | D:1      | 0 ||| qw: Lair rune preference: random
     0 | D:1      | 0 ||| qw: Goals: Normal
     0 | D:1      | 0 ||| PLANNING D:1-11
    35 | D:1      | Reached skill level 3 in Dodging
   223 | D:1      | Reached XP level 2. HP: 14/14 MP: 3/3
   316 | D:1      | Found a faded altar of an unknown god.
   870 | D:1      | 870 ||| READING 2 scrolls labelled SAILYA OGIAV.
   871 | D:1      | 871 ||| READING scroll labelled VIXUSIGHUL.
   972 | D:1      | 972 ||| READING scroll labelled ISKEWA TIPHEPO.
   973 | D:1      | 973 ||| READING 3 scrolls labelled GIUKIOM UGYX.
   973 | D:1      | 973 ||| IDENTIFYING blue potion
   974 | D:1      | 974 ||| DROPPING scroll of butterflies.
   975 | D:1      | 975 ||| DROPPING scroll of poison.
  1312 | D:2      | Noticed Jessica
  1313 | D:2      | Killed Jessica
  1314 | D:2      | Reached XP level 3. HP: 18/18 MP: 4/4
  1376 | D:2      | 1376 ||| READING 2 scrolls of identify.
  1376 | D:2      | 1376 ||| IDENTIFYING pink potion
  1377 | D:2      | 1377 ||| READING scroll of identify.
  1377 | D:2      | 1377 ||| IDENTIFYING scroll labelled SOUDUTAGRO
  1378 | D:2      | 1378 ||| READING scroll labelled FUHIECE XUDGH.
  1383 | D:2      | 1383 ||| DROPPING scroll of silence.
  1384 | D:2      | 1384 ||| DROPPING potion of invisibility.
  1428 | D:3      | 1428 ||| DROPPING +0 sling of draining.
  1504 | D:3      | Reached XP level 4. HP: 22/22 MP: 5/5
  1809 | D:3      | 1809 ||| FLEEEEING.
  1810 | D:3      | 1810 ||| FLEEEEING.
  1811 | D:3      | 1811 ||| FLEEEEING.
  1812 | D:3      | 1812 ||| FLEEEEING.
  1813 | D:3      | 1813 ||| FLEEEEING.
  1814 | D:3      | 1814 ||| FLEEEEING.
  1815 | D:3      | 1815 ||| FLEEEEING.
  1816 | D:3      | 1816 ||| FLEEEEING.
  1822 | D:3      | 1822 ||| FLEEEEING.
  1823 | D:3      | 1823 ||| FLEEEEING.
  1824 | D:3      | 1824 ||| FLEEEEING.
  1825 | D:3      | 1825 ||| FLEEEEING.
  1826 | D:3      | 1826 ||| FLEEEEING.
  1827 | D:3      | 1827 ||| FLEEEEING.
  1829 | D:3      | 1829 ||| FLEEEEING.
  1830 | D:3      | 1830 ||| FLEEEEING.
  1831 | D:3      | 1831 ||| FLEEEEING.
  1832 | D:3      | 1832 ||| STAIRDANCE
  1938 | D:3      | Found a stormy altar of Qazlal.
  1982 | D:3      | Reached XP level 5. HP: 26/26 MP: 6/6
  2249 | D:4      | 2249 ||| PLANNING OSSUARY
  2406 | D:4      | Found a sand-covered staircase.
  2407 | D:4      | 2407 ||| READING scroll labelled DONNIBL RAICSE.
  2407 | D:4      | Identified a scroll of acquirement
  2407 | D:4      | 2407 ||| ACQUIRING amulet of guardian spirit
  2407 | D:4      | Acquired an amulet of guardian spirit
  2409 | D:4      | 2409 ||| UPGRADING to amulet of guardian spirit.
  2419 | Ossuary  | Entered an ossuary
  2460 | Ossuary  | HP: 1/26 [mummy (6)]
  2461 | Ossuary  | 2461 ||| READING scroll of teleportation.
  2625 | Ossuary  | HP: 2/26 [mummy (11)]
  2626 | Ossuary  | 2626 ||| READING scroll of teleportation.
  2627 | Ossuary  | Demolished by a mummy

Levels and vault maps discovered:
D:1:      hellmonk_arrival_library, layout_basic, ebering_ecumenical_altar_hall,
          moated_statue, minivault_24
D:2:      layout_rooms, uniq_jessica
D:3:      layout_basic, nicolae_qazlal_eye_of_the_storm
D:4:      layout_basic, enter_ossuary_2, serial_shops, shop, grunt_ministairs_6,
          nicolae_shop_sticking_my_neck_out
Ossuary:  ossuary_tomb_3

Skill      XL: |  1  2  3  4 |
---------------+-------------+-----
Dodging        | 3 4 5 |  5.0
Ranged Weapons | 5 |  5.8
Fighting       | 2 |  2.2
Stealth        | |  1.5

Action                     |  1- 3 |  4- 6 || total
---------------------------+-------+-------++-------
   Fire: Shortbow          |    91 |   157 ||   248
    Use: Scroll            |     7 |     3 ||    10
 Armour: Robe              |     2 |    22 ||    24
  Dodge: Dodged            |     8 |    74 ||    82

Table legend:
 A = Non-vault XP
 B = Vault XP
 C = Vault XP percentage of total XP
 D = Non-vault monster count
 E = Vault monster count
 F = Vault count percentage of total count
                 A         B        C        D         E       F
            +---------+---------+-------+---------+---------+-------
      Total |     228 |      85 |  27.2 |      64 |      12 |  15.8
            +---------+---------+-------+---------+---------+-------
        D:1 |      22 |       0 |   0.0 |      15 |       0 |   0.0
        D:2 |      14 |      37 |  72.5 |       9 |       1 |  10.0
        D:3 |     132 |       0 |   0.0 |      32 |       0 |   0.0
        D:4 |      60 |       5 |   7.7 |       8 |       2 |  20.0
    Ossuary |       0 |      43 | 100.0 |       0 |       9 | 100.0
            +---------+---------+-------+---------+---------+-------
